 Dungeon Crawl Stone Soup version 0.29-a0-330-g52719c12eb (webtiles) character file.

Game seed: 14584816627373827631

356 kae the Firebug (level 6, 0/45 HPs)
             Began as a Demigod Fire Elementalist on May 1, 2022.
             Succumbed to a scorpion's poison
             ... on level 4 of the Dungeon.
             The game lasted 00:02:30 (4480 turns).

kae the Firebug (Demigod Fire Elementalist)         Turns: 4480, Time: 00:02:31

Health: 0/45       AC:  3    Str:  9    XL:     6   Next: 13%
Magic:  7/13       EV: 12    Int: 25    God:
Gold:   212        SH:  0    Dex: 14    Spells: 8/11 levels left

rFire   . . .      SeeInvis .   c - +12 war axe of the Aged Thickets {drain, Will+}
rCold   . . .      Faith    .   (no shield)
rNeg    . . .      Spirit   .   a - +0 robe
rPois   .          Reflect  .   (no helmet)
rElec   .          Harm     .   (no cloak)
rCorr   .          Rampage  .   f - +0 pair of gloves
Will    +....                   (no boots)
Stlth   ++........              (no amulet)
HPRegen 0.15/turn               (no ring)
MPRegen 0.13/turn               (no ring)

@: lethally poisoned (0 -> -11)
A: high MP 1, forlorn, divine attributes
a: no special abilities


You were on level 4 of the Dungeon.
You visited 1 branch of the dungeon, and saw 4 of its levels.

You collected 212 gold pieces.

Inventory:

Hand Weapons
 c - the +12 war axe of the Aged Thickets (weapon) {drain, Will+}
   (You found it on level 2 of the Dungeon)

   A truly terrible weapon, it drains the life of any living foe it strikes.
   Will:      It increases your willpower.
Armour
 a - a +0 robe (worn)
 f - a +0 pair of gloves (worn)
 g - a +1 chain mail of willpower
Jewellery
 q - a ring of positive energy
Scrolls
 d - 3 scrolls of identify
 e - a scroll of blinking {unknown}
 j - a scroll of fear {unknown}
 m - 3 scrolls of teleportation
Potions
 b - a potion of magic
 h - a potion of curing {unknown}
 i - a potion of cancellation
 k - 2 potions of might {unknown}
 l - a potion of brilliance {unknown}
 n - a potion of haste {unknown}
 o - 2 potions of heal wounds {unknown}
 p - 2 potions of berserk rage {unknown}
 r - 2 potions of attraction {unknown}
 s - a potion of mutation {unknown}


   Skills:
 + Level 2.5 Armour
 - Level 1.7 Dodging
 - Level 1.7 Stealth
 + Level 3.2 Spellcasting
 + Level 3.0 Conjurations
 + Level 4.1 Fire Magic


You had 8 spell levels left.
You knew the following spells:

 Your Spells              Type           Power      Damage    Failure   Level
a - Foxfire               Conj/Fire      84%        2x1d8     2%          1
b - Scorch                Fire           48%        2d7       2%          2

Your spell library contained the following spells:

 Spells                   Type           Power      Damage    Failure   Level
 Conjure Flame            Conj/Fire      21%        6-21      7%          3
 Slow                     Hex            16%        N/A       10%         1
 Inner Flame              Hex/Fire       14%        N/A       13%         3
 Blink                    Tloc           8%         N/A       16%         2
 Flame Wave               Conj/Fire      21%        2d7       22%         4
 Confusing Touch          Hex            4%         N/A       30%         3
 Lesser Beckoning         Tloc           4%         N/A       30%         3
 Vampiric Draining        Necr           4%         2d6       30%         3
 Manifold Assault         Tloc           4%         N/A       95%         5
 Storm Form               Tmut/Air       2%         N/A       100%        7


Dungeon Overview and Level Annotations

Branches:
Dungeon (4/15)             Temple (0/1) D:4


Innate Abilities, Weirdness & Mutations

You have an increased reservoir of magic. (+10% MP)
You shall have no god before yourself.
Your divine heritage dramatically boosts your attributes as you level up.


Message History

Casting: Foxfire (safe; 2% risk of failure)
Confirm with . or Enter, or press ? or * to list all spells.
You conjure some foxfire!
The scorpion stings you.
You are poisoned.
The scorpion poisons you!
You feel very sick.
The foxfire hits the scorpion but does no damage.
The foxfire hits the scorpion.
The scorpion is lightly wounded.
The scorpion stings you.
A scorpion is nearby!
Casting: Foxfire (safe; 2% risk of failure)
Confirm with . or Enter, or press ? or * to list all spells.
You conjure some foxfire!
You feel very sick. The scorpion stings you.
You feel sick.
The foxfire hits the scorpion.
The scorpion is lightly wounded.
The foxfire hits the scorpion.
The scorpion is moderately wounded.
The scorpion stings you.
A scorpion is nearby!
Casting: Foxfire (safe; 2% risk of failure)
Confirm with . or Enter, or press ? or * to list all spells.
Flames lash the scorpion.
The scorpion is heavily wounded.
The scorpion's fire resistance burns away.
You feel sick. The scorpion barely misses you. The scorpion stings you.
* * * LOW HITPOINT WARNING * * *
You are lethally poisoned!
The scorpion poisons you!
* * * LOW HITPOINT WARNING * * *
You feel very sick. The scorpion stings you.
* * * LOW HITPOINT WARNING * * *
Casting: Scorch (safe; 2% risk of failure)
Confirm with . or Enter, or press ? or * to list all spells.
Flames lash the scorpion.
The scorpion is burned terribly!
The scorpion is severely wounded.
You die...

############## ##
##............####.
#.)................
#..####.##########.
#.@# #... ## #.s#
#..).. # #...
.)....# # #..##
#.....# # #..#
#.....# ## #..#
###. ...# #<.. #..#
.###.#. .......


You could see a scorpion (combustible).

Vanquished Creatures
  A phantom (D:4)
  A scorpion (D:4)
  A jelly (D:4)
  Terence (D:2)
  8 adders
  A white imp (D:3)
  A dart slug (D:3)
  3 orcs
  6 bats
  8 endoplasms
  5 giant cockroaches
  4 goblins
  8 hobgoblins
  4 jackals (D:3)
  3 quokkas
  7 ball pythons
  3 frilled lizards
  12 kobolds
  7 rats
  A spectral orc (D:3)
85 creatures vanquished.

Vanquished Creatures (collateral kills)
  2 foxfires (D:1)
2 creatures vanquished.

Vanquished Creatures (others)
  214 foxfires
  2 plants (D:1)
216 creatures vanquished.

Grand Total: 303 creatures vanquished

Notes
Turn   | Place    | Note
-------+----------+-------------------------------------------
     0 | D:1      | kae the Demigod Fire Elementalist began the quest for the
                  | Orb.
     0 | D:1      | Reached XP level 1. HP: 14/14 MP: 5/5
    97 | D:1      | Reached skill level 1 in Conjurations
   228 | D:1      | You fall into a shaft and drop 1 floor!
   356 | D:1      | Reached XP level 2. HP: 20/20 MP: 2/7
   464 | D:1      | Reached skill level 3 in Fire Magic
  1403 | D:2      | Noticed Terence
  1454 | D:2      | Learned a level 2 spell: Scorch
  1460 | D:2      | Identified the +12 war axe of the Aged Thickets {drain,
                  | Will+}
  1585 | D:2      | Reached XP level 3. HP: 18/26 MP: 7/9
  1893 | D:2      | Killed Terence
  1894 | D:2      | Reached skill level 1 in Armour
  2113 | D:2      | Reached XP level 4. HP: 33/33 MP: 4/10
  3601 | D:4      | Noticed a phantom
  3610 | D:4      | Killed a phantom
  3611 | D:4      | Reached XP level 5. HP: 21/38 MP: 4/12
  4104 | D:4      | Reached skill level 4 in Fire Magic
  4160 | D:4      | Found a staircase to the Ecumenical Temple.
  4290 | D:4      | Reached XP level 6. HP: 36/45 MP: 9/13
  4479 | D:4      | HP: 2/45 [scorpion (5)]
  4480 | D:4      | Succumbed to a scorpion's poison

Illustrated notes

Levels and vault maps discovered:
D:1:      psy_arrival_fountain, layout_rooms, chequers_big_river,
          minmay_pentomino_t2
D:2:      layout_loops_ring, ebering_ecumenical_altar_mist, uniq_terence
D:3:      layout_loops_ring, nicolae_hepliaklqana_monster_ancestors
D:4:      layout_loops_ring, temple_statues

Skill      XL: |  1  2  3  4  5  6 |
---------------+-------------------+-----
Conjurations   | 1 2 3 |  3.0
Spellcasting   | 2 3 |  3.2
Fire Magic     | 3 4 |  4.1
Armour         | 1 2 |  2.5
Dodging        | |  1.7
Stealth        | |  1.7

Action                   |  1- 3 |  4- 6 || total
-------------------------+-------+-------++-------
Melee: Unarmed           |     6 |       ||     6
       War axe           |     7 |    16 ||    23
       Punch             |     1 |       ||     1
 Cast: Foxfire           |    72 |    66 ||   138
       Scorch            |     3 |    24 ||    27
  Use: Scroll            |     2 |     4 ||     6
 Stab: Sleeping          |       |     1 ||     1
Armor: Robe              |    15 |     9 ||    24
Dodge: Dodged            |    20 |    37 ||    57

Table legend: (Time is in decaauts)
 A = Elapsed time spent in this place.
 B = Non-inter-level travel time spent in this place.
 C = Inter-level travel time spent in this place.
 D = Time resting spent in this place.
 E = Time spent auto-exploring this place.
 F = Levels seen in this place.
 G = Mean time per level.
                   A        B        C        D        E       F      G
               +--------+--------+--------+--------+--------+-----+--------+
         Total |   4496 |   4384 |    112 |    236 |   3506 |   4 | 1124.0 |
       Dungeon |   4496 |   4384 |    112 |    236 |   3506 |   4 | 1124.0 |
               +--------+--------+--------+--------+--------+-----+--------+

Top non-repeatable levels by time:
     D:2: 1403 daAuts
     D:3: 1240 daAuts
     D:1: 970 daAuts
     D:4: 881 daAuts
